 Dungeon Crawl Stone Soup version 0.29.1-12-g30fa7ad0bf (webtiles) character file.

Game seed: 7723559997540964553

1111 raph the Summoner (level 8, -4/43 HPs)
             Began as a Deep Elf Summoner on Dec 22, 2022.
             Was an Initiate of Sif Muna.
             Killed from afar by a steam dragon (12 damage)
             ... with a ball of steam
             ... on level 7 of the Dungeon.
             The game lasted 00:11:01 (6906 turns).

raph the Summoner (Deep Elf Summoner)               Turns: 6906, Time: 00:11:01

Health: -4/43      AC:  5    Str:  5    XL:     8   Next: 11%
Magic:  16/20      EV: 12    Int: 23    God:    Sif Muna [......]
Gold:   314        SH:  4    Dex: 15    Spells: 7/20 levels left

rFire   . . .      SeeInvis .   i - +3 dagger (drain)
rCold   . . .      Faith    .   l - +0 buckler
rNeg    . . .      Spirit   .   a - +0 robe
rPois   .          Reflect  .   (no helmet)
rElec   .          Harm     .   v - +1 cloak
rCorr   +          Rampage  .   o - +0 pair of gloves
Will    .....                   (no boots)
Stlth   ++........              (no amulet)
HPRegen 0.14/turn               h - ring of resist corrosion
MPRegen 0.17/turn               (no ring)

@: no status effects
A: no striking features
a: Renounce Religion


You were on level 7 of the Dungeon.
You worshipped Sif Muna.
Sif Muna was noncommittal.
You visited 2 branches of the dungeon, and saw 8 of its levels.

You collected 374 gold pieces.
You spent 60 gold pieces at shops.

Inventory:

Hand Weapons
 e - a +0 short sword
 i - a +3 dagger of draining (weapon)
 n - a +1 short sword of flaming
Missiles
 k - 6 poisoned darts
Armour
 a - a +0 robe (worn)
 l - a +0 buckler (worn)
 o - a +0 pair of gloves (worn)
 v - a +1 cloak (worn)
Jewellery
 h - a ring of resist corrosion (left hand)
Wands
 p - a wand of roots (15)
 r - a wand of flame (24)
 t - a wand of paralysis (7)
Potions
 b - a potion of magic
 c - a potion of attraction
 d - 2 potions of haste
 f - 3 potions of curing
 g - 2 potions of brilliance
 j - a potion of lignification
 m - a potion of heal wounds {unknown}
 q - a potion of flight {unknown}
 s - a potion of might {unknown}


   Skills:
 + Level 1.0 Fighting
 + Level 3.1 Dodging
 - Level 2.4 Stealth
 + Level 1.0 Shields
 + Level 6.8 Spellcasting
 + Level 4.8 Hexes
 * Level 8.6 Summonings


You had 7 spell levels left.
You knew the following spells:

 Your Spells              Type           Power      Damage    Failure   Level
a - Summon Small Mammal   Summ           100%       N/A       1%          1
b - Call Imp              Summ           47%        N/A       1%          2
c - Call Canine Familiar  Summ           47%        N/A       1%          3
d - Summon Guardian Gole  Hex/Summ       39%        N/A       1%          3
e - Summon Lightning Spi  Summ/Air       27%        N/A       19%         4

Your spell library contained the following spells:

 Spells                   Type           Power      Damage    Failure   Level


Dungeon Overview and Level Annotations

Branches:
Dungeon (7/15)             Temple (1/1) D:7

Altars:
Cheibriados
Fedhas
Gozag
Hepliaklqana
Kikubaaqudgha
Nemelex Xobeh
Sif Muna
Trog
Wu Jian
Zin
The Shining One

Shops:
D:1 (   D:3 =!((

Annotations:
D:4 Duvessa


Message History

Your crimson imp blinks!
What are your orders? t - Shout!
Orders for allies: a - Attack new target. p - Attack previous target. r - Retreat! s - Stop attacking. g - Guard the area. f - Follow me.
Anything else - Cancel.
Gang up on whom?
Press: ? - help, Dir - move target, f/p - steam dragon
Aim: a steam dragon (heavily wounded, ally target) Attack!
The steam dragon breathes steam at you.
The ball of steam hits your guardian golem.
Your guardian golem resists.
Flame seeps out of your guardian golem. The ball of steam misses you.
What are your orders? t - Shout!
Orders for allies: a - Attack new target. r - Retreat! s - Stop attacking. g - Guard the area. f - Follow me.
Anything else - Cancel.
Gang up on whom?
Press: ? - help, Dir - move target, f - you
Okay, then.
What are your orders? t - Shout!
Orders for allies: a - Attack new target. p - Attack previous target. r - Retreat! s - Stop attacking. g - Guard the area. f - Follow me.
Anything else - Cancel.
Gang up on whom?
Press: ? - help, Dir - move target, f/p - steam dragon
Aim: a steam dragon (heavily wounded, catching its breath, ally target) Attack!
Okay, then.
Casting: Summon Guardian Golem (safe; 1% risk of failure)
Confirm with . or Enter, or press ? or * to list all spells.
The steam dragon breathes steam at you. The ball of steam hits you!
You die...

#.................##.##.
##.###.#######9.........
#..#...# #.D..####.
.....### #....# ######
#.§..# #.§..# #..§.#
#..§.# #..@r# ######


You could see a friendly guardian golem (summoned, inner flame) and a friendly
quokka (summoned).

Vanquished Creatures
  A necrophage (D:5)
  An iguana (D:6)
  2 adders
  3 ball pythons
  A goblin (D:4)
  A hobgoblin (D:1)
  2 quokkas
  2 bats
13 creatures vanquished.

Vanquished Creatures (collateral kills)
  A water moccasin (D:7)
  A sky beast (D:7)
  A centaur (D:6)
  An ogre (D:5)
  2 necrophages
  A scorpion (D:4)
  A hound (D:5)
  A jelly (D:7)
  3 orc priests (D:5)
  4 orc wizards
  2 gnolls (D:6)
  2 adders
  An ufetubus (D:6)
  2 worms (D:5)
  A dart slug (D:4)
  6 orcs
  An endoplasm (D:1)
  2 giant cockroaches
  2 goblins
  3 hobgoblins
  3 jackals (D:2)
  2 quokkas
  5 ball pythons
  3 bats (D:1)
  A frilled lizard (D:1)
  5 kobolds
  2 rats
59 creatures vanquished.

Vanquished Creatures (others)
  An orc warrior (D:6)
  A gnoll (D:6)
  An orc (D:6)
  A kobold (D:3)
4 creatures vanquished.

Grand Total: 76 creatures vanquished

Notes
Turn   | Place    | Note
-------+----------+-------------------------------------------
     0 | D:1      | raph the Deep Elf Summoner began the quest for the Orb.
     0 | D:1      | Reached XP level 1. HP: 10/10 MP: 6/6
   237 | D:1      | Found Surroloc's Weapon Shop.
   364 | D:1      | Found a faded altar of an unknown god.
   516 | D:1      | Reached XP level 2. HP: 11/15 MP: 5/8
   597 | D:1      | Learned a level 2 spell: Call Imp
  1331 | D:1      | Reached skill level 5 in Summonings
  1529 | D:2      | Reached XP level 3. HP: 8/19 MP: 6/10
  1703 | D:2      | Learned a level 3 spell: Call Canine Familiar
  2325 | D:3      | Found Hajanon's Antique Weapon Emporium.
  2355 | D:3      | Found Adot's Distillery.
  2361 | D:3      | Bought a potion of curing for 30 gold pieces
  2361 | D:3      | Bought a potion of lignification for 30 gold pieces
  2376 | D:2      | Reached XP level 4. HP: 10/24 MP: 0/12
  3022 | D:3      | Found Toshridum's Weapon Shoppe.
  3226 | D:3      | Reached skill level 6 in Summonings
  3330 | D:3      | Found Kiugeel's Jewellery Shop.
  3344 | D:3      | Learned a level 3 spell: Summon Guardian Golem
  3871 | D:4      | Noticed a scorpion
  3885 | D:4      | Killed a scorpion
  3886 | D:4      | Reached skill level 1 in Hexes
  3886 | D:4      | Reached XP level 5. HP: 28/28 MP: 9/14
  4402 | D:4      | Noticed Duvessa
  4449 | D:5      | Entered Level 5 of the Dungeon
  4515 | D:5      | Noticed an ogre
  4527 | D:5      | Killed an ogre
  4528 | D:5      | Reached skill level 5 in Spellcasting
  4528 | D:5      | Reached XP level 6. HP: 32/32 MP: 8/15
  4536 | D:5      | Learned a level 4 spell: Summon Lightning Spire
  4625 | D:5      | Identified the +1 ring mail "Archizisi" {rC+}
  4644 | D:5      | Reached skill level 7 in Summonings
  5480 | D:5      | Reached XP level 7. HP: 32/36 MP: 11/17
  5974 | D:6      | Reached skill level 8 in Summonings
  6710 | D:7      | Reached XP level 8. HP: 42/42 MP: 11/20
  6713 | D:7      | Found a staircase to the Ecumenical Temple.
  6723 | Temple   | Entered the Ecumenical Temple
  6785 | Temple   | Became a worshipper of Sif Muna the Loreminder
  6885 | D:7      | Reached skill level 1 in Fighting
  6885 | D:7      | Reached skill level 1 in Shields
  6906 | D:7      | Killed from afar by a steam dragon

Illustrated notes

Levels and vault maps discovered:
D:1:      dpeg_arrival_round_c, layout_basic,
          shapermc_ecumenical_altar_acropolis, serial_shops,
          nicolae_shop_advertising_works [nicolae_subvault_shop_adworks]
D:2:      layout_rooms
D:3:      layout_rooms, serial_co_window_serial, co_window_paths_b,
          co_window_corner_a, co_window_paths_a, co_window_corner_a,
          co_window_corner_a, co_window_cross_2, co_window_cross_3,
          co_window_corner_b, co_window_2corner, co_window_unsneaky_path_c,
          co_window_cross_2, co_window_of_opportunity_c, serial_shops, shop,
          nicolae_shop_hallway_stairs, nicolae_shop_statue_plus, shop
D:4:      layout_loops_ring, chequers_avenue, uniq_eustachio, uniq_duvessa
D:5:      layout_rooms, serial_co_window_serial, co_window_corner_a,
          co_window_paths_a, co_window_corner_a, co_window_paths_a,
          co_window_paths_b, co_window_corner_a, co_window_paths_a,
          co_window_paths_c, co_window_broadway_b, co_window_corner_b,
          co_window_broadway_b, glass_columns_c, glass_columns_a,
          glass_columns_b, grunt_decor_fettered, hangedman_abyss_or_decor_passed
D:6:      layout_rooms
D:7:      layout_rooms, minmay_temple_entry_waves
Temple:   compressed_dpeg_circular_temple

Skill      XL: |  1  2  3  4  5  6  7  8 |
---------------+-------------------------+-----
Summonings     | 5 6 7 8 |  8.6
Spellcasting   | 4 5 6 |  6.8
Hexes          | 1 2 3 4 |  4.8
Fighting       | 1 |  1.0
Dodging        | 3 |  3.1
Shields        | 1 |  1.0
Stealth        | |  2.4

Action                   |  1- 3 |  4- 6 |  7- 9 || total
-------------------------+-------+-------+-------++-------
Melee: Unarmed           |    13 |       |       ||    13
       Short sword       |    28 |       |       ||    28
       Dagger            |     9 |    24 |     9 ||    42
 Cast: Summon Small Mamm |    28 |    16 |     9 ||    53
       Call Imp          |    10 |    20 |     6 ||    36
       Call Canine Famil |     4 |    15 |     7 ||    26
       Summon Guardian G |       |     2 |     5 ||     7
  Use: Scroll            |     6 |       |     5 ||    11
       Potion            |       |     1 |       ||     1
 Stab: Sleeping          |     4 |     1 |     1 ||     6
Armor: Robe              |    13 |    10 |     3 ||    26
Dodge: Dodged            |    51 |    15 |     6 ||    72
Block: Buckler           |       |       |     3 ||     3
